[ AOE2 MATCH · #481643467 ]
UnrankedFranks vs Dravidians
[ REPLAY ANALYSIS · EXTRACTED FROM THE RECORDED GAME ]
Feudal
—
Castle
6:04
Imperial
26:05
| APM avg | 26.2 |
| APM peak | 58 |
| eAPM avg | 16.6 |
| Villagers / military | 64 / 65 |
Focus
⚔️ 37.3% · 🌾 62.7%
Knight ×40 · Spearman ×19 · Trade Cart ×7 · Scout Cavalry ×5 · Monk ×1
Feudal
—
Castle
7:31
Imperial
23:41
| APM avg | 28.7 |
| APM peak | 52 |
| eAPM avg | 16.6 |
| Villagers / military | 88 / 80 |
Focus
⚔️ 31.5% · 🌾 68.5%
Spearman ×24 · Skirmisher ×22 · Monk ×9 · Armored Elephant ×9 · Trebuchet (Packed) ×7 · Urumi Swordsman ×4
Feudal
—
Castle
14:29
Imperial
—
| APM avg | 24.8 |
| APM peak | 76 |
| eAPM avg | 12.7 |
| Villagers / military | 37 / 88 |
Focus
⚔️ 38.5% · 🌾 61.5%
Militia ×51 · Archer ×37 · Trade Cart ×11
Feudal
—
Castle
11:00
Imperial
24:37
| APM avg | 24.1 |
| APM peak | 39 |
| eAPM avg | 13.2 |
| Villagers / military | 59 / 68 |
Focus
⚔️ 28.1% · 🌾 71.9%
Knight ×34 · Spearman ×13 · Monk ×7 · Scout Cavalry ×6 · Trebuchet (Packed) ×5 · Ballista Elephant ×3
Match map
Initial resources + every placement click. Lines = walls · curves = elevation contours. ◆ gold · ⬟ stone · ● berries · ✦ relic · ◌ wall gap
Your base· Open — unwalled flank
juanette's base· Open — unwalled flank
Luca's base· Open — unwalled flank
jack_camman's base· Open — unwalled flank
Smoothed initial terrain · ◌ = detected wall gap · hover for details
Inputs per minute
— melo.ricardo - - juanette
Build order — melo.ricardo
First 150 of 210 actions detected
| 0:04 | Create | Villager (Male) |
| 0:04 | Create | Villager (Male) |
| 0:04 | Create | Villager (Male) |
| 0:04 | Create | Villager (Male) |
| 0:04 | Create | Villager (Male) |
| 0:39 | Build | Stable |
| 0:51 | Build | House |
| 0:53 | Build | House |
| 0:54 | Build | House |
| 1:13 | Create | Villager (Male) |
| 1:13 | Create | Villager (Male) |
| 1:17 | Create | Villager (Male) |
| 1:17 | Create | Villager (Male) |
| 1:18 | Create | Villager (Male) |
| 3:24 | Research | Castle Age |
| 3:44 | Build | House |
| 3:45 | Build | House |
| 3:51 | Create | Scout Cavalry |
| 3:51 | Create | Scout Cavalry |
| 3:51 | Create | Scout Cavalry |
| 4:02 | Create | Villager (Male) |
| 4:03 | Create | Villager (Male) |
| 4:14 | Create | Scout Cavalry |
| 4:40 | Create | Scout Cavalry |
| 4:43 | Create | Villager (Male) |
| 5:16 | Build | House |
| 5:18 | Build | House |
| 5:47 | Create | Spearman |
| 5:47 | Create | Spearman |
| 6:03 | Create | Spearman |
| 6:04 | Age | Castle Age |
| 6:06 | Research | Scale Barding Armor |
| 6:20 | Build | Town Center |
| 6:36 | Create | Knight |
| 7:08 | Research | Town Watch |
| 7:27 | Create | Villager (Male) |
| 7:27 | Create | Villager (Male) |
| 7:27 | Create | Villager (Male) |
| 7:32 | Build | Farm |
| 7:33 | Build | Farm |
| 7:35 | Build | Farm |
| 7:36 | Build | Farm |
| 7:38 | Build | Farm |
| 8:03 | Create | Knight |
| 8:28 | Build | Farm |
| 8:34 | Build | Farm |
| 9:14 | Build | Farm |
| 9:21 | Create | Knight |
| 9:50 | Create | Spearman |
| 9:50 | Create | Spearman |
| 9:50 | Create | Spearman |
| 9:50 | Create | Spearman |
| 10:14 | Create | Knight |
| 10:46 | Build | Market |
| 11:00 | Build | Castle |
| 11:11 | Create | Knight |
| 11:11 | Create | Knight |
| 11:11 | Create | Knight |
| 11:26 | Create | Knight |
| 11:49 | Create | Knight |
| 11:58 | Build | Farm |
| 12:42 | Build | Town Center |
| 13:10 | Research | Chain Barding Armor |
| 13:34 | Build | Farm |
| 13:40 | Build | Farm |
| 13:40 | Build | Farm |
| 13:44 | Build | Farm |
| 14:19 | Create | Villager (Male) |
| 14:19 | Create | Villager (Male) |
| 14:19 | Create | Villager (Male) |
| 14:19 | Create | Villager (Male) |
| 14:19 | Create | Villager (Male) |
| 14:23 | Build | Farm |
| 14:50 | Create | Knight |
| 14:50 | Create | Knight |
| 15:05 | Create | Knight |
| 15:27 | Create | Knight |
| 15:34 | Build | Farm |
| 15:36 | Create | Villager (Male) |
| 15:38 | Create | Villager (Male) |
| 16:05 | Create | Villager (Male) |
| 16:05 | Create | Villager (Male) |
| 16:10 | Build | Farm |
| 16:53 | Research | Forging |
| 17:04 | Build | Farm |
| 17:05 | Build | Farm |
| 17:06 | Build | Farm |
| 17:10 | Build | Farm |
| 17:12 | Create | Villager (Male) |
| 17:12 | Create | Villager (Male) |
| 17:13 | Create | Villager (Male) |
| 17:13 | Create | Villager (Male) |
| 17:13 | Create | Villager (Male) |
| 17:13 | Create | Villager (Male) |
| 17:25 | Create | Villager (Male) |
| 17:25 | Create | Villager (Male) |
| 19:31 | Build | Farm |
| 19:33 | Build | Farm |
| 19:35 | Build | Farm |
| 20:03 | Create | Villager (Male) |
| 20:03 | Create | Villager (Male) |
| 20:04 | Create | Villager (Male) |
| 20:11 | Create | Villager (Male) |
| 20:11 | Create | Villager (Male) |
| 20:11 | Research | Wheelbarrow |
| 20:12 | Create | Villager (Male) |
| 20:12 | Create | Villager (Male) |
| 20:13 | Create | Villager (Male) |
| 20:13 | Create | Villager (Male) |
| 20:32 | Create | Villager (Male) |
| 20:36 | Build | Monastery |
| 20:41 | Research | Iron Casting |
| 20:49 | Build | Farm |
| 20:54 | Build | Farm |
| 21:00 | Build | Castle |
| 21:07 | Build | Farm |
| 21:15 | Build | Farm |
| 21:19 | Build | Farm |
| 21:30 | Build | Farm |
| 21:34 | Create | Monk |
| 21:40 | Build | Farm |
| 21:47 | Build | Farm |
| 21:54 | Build | Farm |
| 21:59 | Build | Farm |
| 22:29 | Build | Farm |
| 22:44 | Build | Farm |
| 22:55 | Research | Imperial Age |
| 23:09 | Create | Knight |
| 23:09 | Create | Knight |
| 23:11 | Create | Knight |
| 23:11 | Create | Knight |
| 23:25 | Create | Knight |
| 23:25 | Create | Knight |
| 23:25 | Create | Knight |
| 24:18 | Create | Villager (Male) |
| 24:18 | Create | Villager (Male) |
| 24:18 | Create | Villager (Male) |
| 24:22 | Research | Caravan |
| 24:22 | Create | Trade Cart |
| 24:27 | Create | Trade Cart |
| 24:27 | Create | Trade Cart |
| 24:27 | Create | Trade Cart |
| 24:27 | Create | Trade Cart |
| 24:28 | Create | Trade Cart |
| 24:28 | Create | Trade Cart |
| 24:40 | Create | Knight |
| 25:02 | Create | Spearman |
| 25:02 | Create | Spearman |
| 25:02 | Create | Spearman |
| 25:03 | Create | Spearman |
Build order — juanette
First 150 of 164 actions detected
| 0:06 | Create | Spearman ×5 |
| 0:21 | Build | Archery Range |
| 0:22 | Build | Archery Range |
| 0:40 | Build | Archery Range |
| 0:46 | Create | Villager (Male) |
| 0:46 | Create | Villager (Male) |
| 0:53 | Build | House |
| 0:57 | Build | House |
| 1:01 | Build | House |
| 1:08 | Create | Skirmisher |
| 1:08 | Create | Skirmisher |
| 1:22 | Create | Skirmisher |
| 1:22 | Create | Skirmisher |
| 2:01 | Create | Spearman |
| 2:01 | Create | Spearman |
| 3:33 | Build | Farm |
| 4:51 | Research | Castle Age |
| 4:51 | Research | Castle Age |
| 5:37 | Research | Gold Mining |
| 5:42 | Build | Mining Camp |
| 6:05 | Research | Fletching |
| 6:34 | Build | Farm |
| 6:35 | Build | Farm |
| 6:36 | Build | Farm |
| 6:37 | Build | Farm |
| 6:37 | Build | Farm |
| 6:38 | Build | Farm |
| 6:38 | Build | Farm |
| 6:38 | Build | Farm |
| 6:39 | Build | Farm |
| 6:40 | Build | Farm |
| 6:52 | Create | Spearman |
| 6:53 | Create | Spearman |
| 6:56 | Create | Skirmisher |
| 6:56 | Create | Skirmisher |
| 7:01 | Research | Man-at-Arms (upgrade) |
| 7:08 | Build | Farm |
| 7:13 | Build | Farm |
| 7:18 | Research | Horse Collar |
| 7:31 | Age | Castle Age |
| 7:38 | Build | Monastery |
| 7:41 | Create | Villager (Male) |
| 7:52 | Research | Elite Skirmisher (upgrade) |
| 7:57 | Research | Pikeman (upgrade) |
| 8:20 | Build | Siege Workshop |
| 8:22 | Create | Monk |
| 8:23 | Create | Monk |
| 8:45 | Create | Villager (Male) |
| 8:45 | Create | Villager (Male) |
| 8:48 | Create | Armored Elephant |
| 9:28 | Create | Villager (Male) |
| 10:01 | Build | Town Center |
| 10:46 | Create | Monk |
| 11:09 | Build | Town Center |
| 11:19 | Create | Villager (Male) ×5 |
| 11:25 | Create | Armored Elephant |
| 12:03 | Build | Farm |
| 12:06 | Create | Villager (Male) ×5 |
| 12:06 | Create | Villager (Male) ×5 |
| 12:14 | Create | Spearman |
| 12:14 | Create | Spearman |
| 12:17 | Create | Skirmisher |
| 12:34 | Build | Farm |
| 12:45 | Build | Farm |
| 12:48 | Build | House |
| 12:49 | Build | House |
| 12:50 | Build | House |
| 12:57 | Build | Farm |
| 13:13 | Create | Spearman |
| 13:19 | Create | Monk |
| 13:20 | Create | Monk |
| 13:42 | Build | Farm |
| 13:47 | Build | House |
| 13:48 | Build | House |
| 13:49 | Build | House |
| 14:17 | Build | Farm |
| 14:31 | Create | Militia |
| 14:31 | Create | Militia |
| 14:35 | Create | Skirmisher |
| 14:35 | Create | Skirmisher |
| 14:55 | Create | Armored Elephant |
| 14:55 | Create | Armored Elephant |
| 15:13 | Build | House |
| 15:13 | Build | House |
| 15:14 | Build | House |
| 15:18 | Build | Farm |
| 15:21 | Create | Skirmisher |
| 15:21 | Create | Skirmisher |
| 15:27 | Create | Armored Elephant |
| 16:08 | Create | Skirmisher ×3 |
| 18:21 | Create | Spearman |
| 18:22 | Create | Spearman |
| 18:23 | Create | Spearman |
| 18:27 | Create | Monk |
| 18:27 | Create | Monk |
| 19:04 | Create | Spearman |
| 19:04 | Create | Spearman |
| 19:06 | Create | Skirmisher |
| 19:06 | Create | Skirmisher |
| 19:19 | Build | Castle |
| 19:20 | Create | Villager (Male) |
| 19:20 | Create | Villager (Male) |
| 19:21 | Create | Villager (Male) |
| 19:38 | Research | Squires |
| 20:01 | Build | Farm |
| 20:31 | Research | Imperial Age |
| 20:52 | Build | Town Center |
| 20:56 | Create | Villager (Male) ×5 |
| 20:56 | Create | Villager (Male) ×5 |
| 20:57 | Create | Villager (Male) ×3 |
| 20:57 | Create | Villager (Male) ×3 |
| 21:10 | Build | Town Center |
| 21:33 | Create | Spearman |
| 21:34 | Create | Spearman |
| 21:39 | Create | Skirmisher |
| 21:44 | Create | Armored Elephant |
| 22:04 | Build | Farm |
| 22:06 | Create | Villager (Male) ×4 |
| 22:40 | Create | Monk |
| 22:41 | Create | Monk |
| 22:52 | Create | Villager (Male) ×4 |
| 22:53 | Create | Villager (Male) ×4 |
| 22:54 | Create | Villager (Male) |
| 23:22 | Build | University |
| 23:41 | Age | Imperial Age |
| 24:24 | Create | Trebuchet (Packed) |
| 24:33 | Research | Murder Holes |
| 24:36 | Create | Villager (Male) ×5 |
| 24:45 | Build | Farm |
| 24:57 | Create | Villager (Male) ×3 |
| 24:57 | Create | Villager (Male) ×3 |
| 25:13 | Build | Castle |
| 25:22 | Create | Spearman |
| 25:22 | Create | Spearman |
| 25:23 | Create | Spearman |
| 25:23 | Create | Spearman |
| 25:23 | Create | Spearman |
| 25:26 | Create | Skirmisher |
| 25:28 | Create | Skirmisher |
| 25:40 | Create | Mangonel |
| 25:40 | Create | Mangonel |
| 25:40 | Create | Mangonel |
| 26:19 | Create | Urumi Swordsman |
| 26:19 | Create | Urumi Swordsman |
| 26:20 | Create | Urumi Swordsman |
| 26:20 | Create | Urumi Swordsman |
| 27:41 | Create | Trebuchet (Packed) ×3 |
| 27:41 | Create | Trebuchet (Packed) ×3 |
| 29:02 | Build | Barracks |
| 29:03 | Build | Barracks |
Build order — Luca
First 150 of 200 actions detected
| 0:32 | Build | Archery Range |
| 0:45 | Create | Villager (Male) |
| 0:46 | Create | Villager (Male) |
| 0:46 | Create | Villager (Male) |
| 0:46 | Create | Villager (Male) |
| 0:47 | Create | Villager (Male) |
| 0:47 | Create | Villager (Male) |
| 0:47 | Create | Villager (Male) |
| 1:45 | Build | Watch Tower |
| 2:24 | Build | Farm |
| 2:25 | Build | Farm |
| 2:26 | Build | Farm |
| 2:27 | Build | Farm |
| 2:27 | Build | Farm |
| 2:51 | Build | Farm |
| 2:52 | Build | Farm |
| 2:52 | Build | Farm |
| 2:54 | Build | Farm |
| 3:20 | Create | Archer |
| 3:20 | Create | Archer |
| 3:21 | Create | Archer |
| 3:21 | Create | Archer |
| 3:24 | Create | Militia |
| 3:24 | Create | Militia |
| 3:24 | Create | Militia |
| 3:24 | Create | Militia |
| 3:25 | Create | Militia |
| 3:51 | Create | Villager (Male) |
| 3:56 | Build | House |
| 3:58 | Build | House |
| 4:19 | Build | House |
| 4:19 | Build | House |
| 4:39 | Build | Mining Camp |
| 5:43 | Build | Farm |
| 5:53 | Build | Farm |
| 6:04 | Build | Mill |
| 6:12 | Build | Farm |
| 6:13 | Build | Farm |
| 6:13 | Build | Farm |
| 6:14 | Build | Farm |
| 6:14 | Build | Farm |
| 6:15 | Build | Farm |
| 6:16 | Build | Farm |
| 6:16 | Build | Farm |
| 6:38 | Create | Villager (Male) |
| 6:40 | Create | Villager (Male) |
| 6:45 | Create | Villager (Male) |
| 6:46 | Create | Villager (Male) |
| 6:46 | Create | Villager (Male) |
| 6:47 | Create | Villager (Male) |
| 6:48 | Create | Villager (Male) |
| 7:02 | Build | Lumber Camp |
| 8:01 | Research | Fletching |
| 8:19 | Build | House |
| 8:21 | Build | House |
| 8:48 | Build | Mining Camp |
| 9:11 | Create | Militia |
| 9:12 | Create | Militia |
| 9:12 | Create | Militia |
| 9:12 | Create | Militia |
| 9:12 | Create | Militia |
| 9:13 | Create | Militia |
| 9:15 | Create | Archer |
| 9:15 | Create | Archer |
| 9:16 | Create | Archer |
| 9:16 | Create | Archer |
| 9:17 | Create | Archer |
| 9:17 | Create | Archer |
| 9:17 | Create | Archer |
| 9:17 | Create | Archer |
| 9:19 | Create | Militia |
| 9:19 | Create | Militia |
| 9:19 | Create | Militia |
| 9:19 | Create | Militia |
| 9:21 | Research | Man-at-Arms (upgrade) |
| 9:23 | Create | Archer |
| 9:24 | Create | Archer |
| 10:12 | Build | House |
| 10:15 | Build | House |
| 11:41 | Build | Market |
| 11:49 | Research | Castle Age |
| 11:59 | Build | Lumber Camp |
| 12:14 | Create | Militia |
| 12:14 | Create | Militia |
| 12:16 | Create | Militia |
| 12:16 | Create | Militia |
| 12:16 | Create | Militia |
| 12:17 | Create | Militia |
| 12:17 | Create | Militia |
| 12:18 | Create | Militia |
| 12:18 | Create | Militia |
| 12:31 | Create | Archer |
| 12:32 | Create | Archer |
| 13:25 | Research | Wheelbarrow |
| 13:29 | Build | House |
| 13:31 | Build | House |
| 13:37 | Create | Trade Cart |
| 13:38 | Create | Trade Cart |
| 14:03 | Research | Forging |
| 14:04 | Research | Scale Mail Armor |
| 14:14 | Create | Archer |
| 14:29 | Age | Castle Age |
| 14:30 | Research | Horse Collar |
| 14:35 | Research | Double-Bit Axe |
| 15:43 | Build | Farm |
| 15:48 | Build | Farm |
| 16:50 | Create | Militia |
| 16:50 | Create | Militia |
| 16:51 | Create | Militia |
| 16:51 | Create | Militia |
| 16:51 | Create | Militia |
| 16:52 | Create | Archer |
| 16:53 | Create | Archer |
| 16:53 | Create | Archer |
| 16:53 | Create | Archer |
| 16:54 | Create | Archer |
| 16:54 | Create | Militia |
| 16:55 | Create | Militia |
| 16:55 | Create | Militia |
| 16:56 | Create | Militia |
| 18:28 | Create | Villager (Male) |
| 18:29 | Create | Villager (Male) |
| 18:29 | Create | Villager (Male) |
| 18:29 | Create | Villager (Male) |
| 18:30 | Create | Villager (Male) |
| 18:30 | Create | Villager (Male) |
| 18:30 | Create | Villager (Male) |
| 18:37 | Research | Bodkin Arrow |
| 18:48 | Create | Trade Cart |
| 18:48 | Create | Trade Cart |
| 18:49 | Create | Trade Cart |
| 18:50 | Create | Trade Cart |
| 19:03 | Build | Farm |
| 19:03 | Build | Farm |
| 19:05 | Build | Farm |
| 20:13 | Research | Long Swordsman (upgrade) |
| 20:22 | Build | Farm |
| 20:26 | Build | Farm |
| 20:40 | Build | House |
| 20:43 | Build | House |
| 22:15 | Build | Castle |
| 23:07 | Build | House |
| 23:09 | Build | House |
| 23:38 | Create | Villager (Male) |
| 23:39 | Create | Villager (Male) |
| 23:39 | Create | Villager (Male) |
| 23:39 | Create | Villager (Male) |
| 23:40 | Create | Villager (Male) |
| 23:40 | Create | Villager (Male) |
| 23:40 | Create | Villager (Male) |
Build order — jack_camman
First 150 of 219 actions detected
| 0:10 | Create | Villager (Male) |
| 0:25 | Build | Stable |
| 0:36 | Create | Villager (Male) |
| 0:36 | Create | Villager (Male) |
| 0:46 | Create | Villager (Male) |
| 0:46 | Create | Villager (Male) |
| 1:15 | Create | Villager (Male) |
| 1:21 | Create | Scout Cavalry |
| 1:36 | Create | Scout Cavalry |
| 1:39 | Create | Villager (Male) |
| 1:44 | Build | House |
| 2:19 | Research | Bloodlines |
| 2:32 | Create | Villager (Male) |
| 2:32 | Create | Villager (Male) |
| 2:38 | Build | House |
| 3:14 | Build | Farm |
| 3:15 | Build | Farm |
| 3:17 | Build | Farm |
| 3:17 | Build | Farm |
| 3:18 | Build | Farm |
| 3:18 | Build | Farm |
| 3:19 | Build | Farm |
| 3:20 | Build | Farm |
| 3:21 | Build | Farm |
| 3:23 | Build | Farm |
| 3:31 | Create | Villager (Male) |
| 3:31 | Create | Villager (Male) |
| 3:44 | Create | Scout Cavalry |
| 3:55 | Build | Farm |
| 3:59 | Build | Farm |
| 4:08 | Create | Scout Cavalry |
| 4:35 | Research | Wheelbarrow |
| 4:41 | Build | Farm |
| 4:48 | Build | Farm |
| 4:52 | Create | Villager (Male) |
| 4:52 | Create | Villager (Male) |
| 6:18 | Create | Scout Cavalry |
| 6:19 | Create | Scout Cavalry |
| 6:22 | Create | Spearman |
| 6:23 | Create | Spearman |
| 6:23 | Create | Spearman |
| 6:27 | Build | House |
| 6:29 | Build | House |
| 6:30 | Build | House |
| 6:39 | Research | Double-Bit Axe |
| 7:26 | Create | Spearman |
| 8:20 | Research | Castle Age |
| 10:33 | Build | Stable |
| 10:43 | Build | Stable |
| 11:00 | Build | House |
| 11:00 | Age | Castle Age |
| 11:00 | Build | House |
| 11:01 | Build | House |
| 11:01 | Build | House |
| 11:01 | Build | House |
| 11:17 | Research | Husbandry |
| 11:18 | Create | Knight |
| 11:18 | Create | Knight ×5 |
| 11:18 | Create | Knight ×5 |
| 11:19 | Create | Knight |
| 11:26 | Research | Gold Mining |
| 11:39 | Build | Town Center |
| 11:49 | Build | Town Center |
| 11:59 | Create | Knight |
| 12:00 | Create | Knight |
| 12:14 | Research | Horse Collar |
| 12:18 | Research | Pikeman (upgrade) |
| 12:19 | Create | Spearman |
| 12:19 | Create | Spearman |
| 12:19 | Create | Spearman |
| 12:51 | Build | Mining Camp |
| 13:12 | Create | Knight |
| 13:13 | Create | Knight |
| 13:13 | Create | Knight |
| 13:51 | Create | Knight |
| 13:51 | Create | Knight |
| 13:52 | Create | Knight |
| 14:26 | Build | Town Center |
| 14:30 | Create | Villager (Male) |
| 14:30 | Create | Villager (Male) |
| 14:30 | Create | Villager (Male) |
| 14:31 | Create | Villager (Male) |
| 14:31 | Create | Villager (Male) |
| 14:31 | Create | Villager (Male) |
| 14:31 | Create | Villager (Male) |
| 14:32 | Create | Villager (Male) |
| 14:32 | Create | Villager (Male) |
| 14:32 | Create | Villager (Male) |
| 14:32 | Create | Villager (Male) |
| 14:33 | Create | Villager (Male) |
| 14:33 | Create | Villager (Male) |
| 14:33 | Create | Villager (Male) |
| 14:33 | Create | Villager (Male) |
| 14:34 | Create | Villager (Male) |
| 14:34 | Create | Villager (Male) |
| 15:45 | Research | Stone Mining |
| 16:28 | Create | Villager (Male) |
| 16:29 | Create | Villager (Male) |
| 16:29 | Create | Villager (Male) |
| 16:29 | Create | Villager (Male) |
| 16:30 | Research | Hand Cart |
| 17:01 | Research | Bow Saw |
| 17:22 | Create | Villager (Male) |
| 17:22 | Create | Villager (Male) |
| 17:23 | Create | Villager (Male) |
| 17:58 | Build | Farm |
| 17:59 | Build | Farm |
| 18:01 | Build | Farm |
| 18:03 | Build | Farm |
| 18:08 | Build | Farm |
| 18:12 | Create | Villager (Male) |
| 18:13 | Create | Villager (Male) |
| 18:13 | Create | Villager (Male) |
| 18:13 | Create | Villager (Male) |
| 18:21 | Build | Farm |
| 18:21 | Build | Farm |
| 18:21 | Build | Farm |
| 18:22 | Build | Farm |
| 18:22 | Build | Farm |
| 18:23 | Build | Farm |
| 18:23 | Build | Farm |
| 18:24 | Build | Farm |
| 19:44 | Create | Spearman |
| 19:44 | Create | Spearman |
| 19:49 | Create | Knight |
| 19:49 | Create | Knight |
| 19:49 | Create | Knight |
| 19:49 | Create | Knight |
| 20:32 | Build | Farm |
| 20:32 | Build | Farm |
| 20:32 | Build | Farm |
| 20:40 | Build | Farm |
| 20:41 | Build | Farm |
| 20:41 | Build | Farm |
| 20:41 | Build | Farm |
| 20:42 | Build | Farm |
| 20:42 | Build | Farm |
| 20:43 | Build | Farm |
| 20:43 | Build | Farm |
| 20:45 | Build | Farm |
| 20:45 | Build | Farm |
| 20:48 | Build | Farm |
| 21:27 | Research | Imperial Age |
| 21:52 | Build | House |
| 21:52 | Build | House |
| 21:53 | Build | House |
| 21:53 | Build | House |
| 21:54 | Build | House |
| 21:54 | Build | House |
| 21:55 | Build | House |
Match timeline
| 0:21 | juanette · first_building Archery Range |
| 0:25 | jack_camman · first_building Stable |
| 0:32 | Luca · first_building Archery Range |
| 0:39 | melo.ricardo · first_building Stable |
| 6:04 | melo.ricardo · age_up castle |
| 7:31 | juanette · age_up castle |
| 7:38 | juanette · first_building Monastery |
| 8:20 | juanette · first_building Siege Workshop |
| 11:00 | jack_camman · age_up castle |
| 11:00 | melo.ricardo · first_building Castle |
| 14:29 | Luca · age_up castle |
| 19:19 | juanette · first_building Castle |
| 20:36 | melo.ricardo · first_building Monastery |
| 22:15 | Luca · first_building Castle |
| 23:09 | jack_camman · first_building Castle |
| 23:41 | juanette · age_up imperial |
| 24:37 | jack_camman · age_up imperial |
| 24:45 | jack_camman · first_building Monastery |
| 26:02 | Luca · first_building Barracks |
| 26:05 | melo.ricardo · age_up imperial |
| 27:54 | Luca · resign |
| 29:02 | juanette · first_building Barracks |
| 30:27 | melo.ricardo · first_building Barracks |
[ AI ANALYSIS · 1 CREDIT ]
What really happened in this match?
Wolo.gg analyzes every decision: build order, eco, micro, common mistakes by bracket. Personalized analysis on WhatsApp or Discord in 30 seconds.
Civ guide
Franks
Perfil
Jugador #17226771